 Dungeon Crawl Stone Soup version 0.28-a0-224-g76b539d98b (webtiles) character file.

Game seed: 7975531805773174620

73317 quinnr the Stormcaller (level 15, -19/86 HPs)
             Began as a Tengu Air Elementalist on Aug 21, 2021.
             Was a High Priest of Sif Muna.
             Killed from afar by a shock serpent (24 damage)
             ... with a bolt of electricity
             ... on level 3 of the Snake Pit.
             The game lasted 01:16:08 (34754 turns).

quinnr the Stormcaller (Tengu Air Elementalist)    Turns: 34754, Time: 01:16:09

Health: -19/86     AC: 12    Str:  9    XL:     15   Next: 43%
Magic:  5/30       EV: 20    Int: 22    God:    Sif Muna [*****.]
Gold:   1034       SH:  6    Dex: 14    Spells: 2/34 levels left

rFire   . . .      SeeInvis +   u - staff of conjuration
rCold   . . .      Faith    .   d - +1 buckler
rNeg    + . .      Spirit   .   D - +2 robe {rN+}
rPois   +          Reflect  .   S - +2 hat {SInv}
rElec   .          Harm     .   a - +2 cloak {Will+}
rCorr   .          Rampage  .   j - +2 pair of gloves
Will    ++...                   (boots unavailable)
Stlth   +++.......              G - amulet of magic regeneration
HPRegen 0.24/turn               B - ring of wizardry
MPRegen 0.47/turn               F - ring of poison resistance

@: flying quickly and evasively, hasted, very quick
A: beak, talons 3, nimble flight
a: Renounce Religion, Channel Magic, Forget Spell, Divine Exegesis


You were on level 3 of the Snake Pit.
You worshipped Sif Muna.
Sif Muna was extremely pleased with you.
You visited 4 branches of the dungeon, and saw 23 of its levels.

You collected 1652 gold pieces.
You spent 618 gold pieces at shops.

Inventory:

Hand Weapons
 w - a +2 dagger of venom
 x - a +0 dagger of draining
 y - a +7 vorpal dagger
 J - a +3 dagger of freezing
Missiles
 s - 29 poisoned darts
 z - 3 throwing nets
 K - a curare-tipped dart
Armour
 a - a +2 cloak of willpower (worn)
 d - a +1 buckler (worn)
 j - a +2 pair of gloves (worn)
 D - a +2 robe of positive energy (worn)
 S - a +2 hat of see invisible (worn)
Magical Staves
 u - a staff of conjuration (weapon)
Jewellery
 k - a +4 ring of protection
 m - a ring of magical power
 B - a ring of wizardry (left hand)
 E - a ring of protection from cold
 F - a ring of poison resistance (right hand)
 G - an amulet of magic regeneration (around neck)
 H - a ring of see invisible
 I - a +4 ring of slaying
 M - a ring of protection from fire
Wands
 i - a wand of paralysis (8)
 l - a wand of iceblast (26)
 A - a wand of digging (5)
 C - a wand of acid (28)
 L - a wand of charming (15)
 R - a wand of flame (29)
Scrolls
 e - 7 scrolls of immolation
 f - 6 scrolls of teleportation
 h - 5 scrolls of brand weapon
 t - 3 scrolls of amnesia
 P - a scroll of magic mapping
 T - a scroll of identify
 V - a scroll of enchant armour
 W - 2 scrolls of blinking
 X - a scroll of summoning
 Y - a scroll of fear
Potions
 b - 5 potions of flight
 c - 6 potions of ambrosia
 g - 3 potions of resistance
 n - 2 potions of mutation
 o - 6 potions of curing
 p - a potion of attraction
 q - 4 potions of might
 v - 6 potions of haste
 N - 3 potions of brilliance
 O - a potion of cancellation
 Q - a potion of lignification
 U - a potion of magic
Miscellaneous
 Z - a tin of tremorstones (2/2)


   Skills:
 - Level 7.1 Fighting
 - Level 3.0 Short Blades
 - Level 2.0 Armour
 + Level 10.8 Dodging
 - Level 7.1 Stealth
 - Level 5.0 Shields
 - Level 10.0 Spellcasting
 - Level 5.0 Conjurations
 - Level 9.0 Summonings
 - Level 4.0 Transmutations
 - Level 4.0 Fire Magic
 - Level 16.1 Air Magic
 - Level 8.0 Poison Magic
 - Level 6.0 Invocations
 - Level 6.0 Evocations


You had 2 spell levels left.
You knew the following spells:

 Your Spells              Type           Power      Damage    Failure   Level
a - Shock                 Conj/Air       100%       1d9       1%          1
b - Airstrike             Air            35%        N/A       1%          4
c - Swiftness             Air            70%        N/A       0%          3
d - Call Canine Familiar  Summ           50%        N/A       1%          3
e - Poisonous Vapours     Pois/Air       100%       N/A       1%          2
f - Mephitic Cloud        Conj/Pois/Air  69%        N/A       1%          3
g - Olgreb's Toxic Radia  Pois           46%        N/A       1%          4
h - Lightning Bolt        Conj/Air       36%        1d54      1%          5
i - Summon Lightning Spi  Summ/Air       60%        N/A       1%          4
j - Ignite Poison         Fire/Tmut/Pois 34%        N/A       1%          3

Your spell library contained the following spells:

 Spells                   Type           Power      Damage    Failure   Level
 Sting                    Tmut/Pois      100%       1d8       1%          1
 Call Imp                 Summ           50%        N/A       1%          2
 Corpse Rot               Necr/Air       N/A        N/A       1%          2
 Passwall                 Tmut/Erth      15%        N/A       1%          2
 Static Discharge         Conj/Air       72%        N/A       1%          2
 Corona                   Hex            12%        N/A       2%          1
 Ensorcelled Hibernation  Hex/Ice        22%        N/A       3%          2
 Slow                     Hex            11%        N/A       3%          2
 Spider Form              Tmut/Pois      18%        N/A       1%          3
 Summon Guardian Golem    Hex/Summ       30%        N/A       1%          3
 Dazzling Flash           Conj/Hex       66%        N/A       2%          3
 Silence                  Hex/Air        23%        N/A       2%          5
 Animate Armour           Summ/Erth      60%        N/A       4%          4
 Sticky Flame             Conj/Fire      46%        2d6       4%          4
 Confusing Touch          Hex            11%        N/A       8%          3
 Ozocubu's Armour         Ice            11%        N/A       8%          3
 Portal Projectile        Hex/Tloc       22%        N/A       8%          3
 Tukima's Dance           Hex            11%        N/A       8%          3
 Fulminant Prism          Conj/Hex       16%        3d11      9%          4
 Iskenderun's Mystic Bla  Conj/Tloc      33%        2d8       9%          4
 Iskenderun's Battlesphe  Conj           49%        2d10      9%          5
 Fireball                 Conj/Fire      23%        3d11      11%         5
 Bolt of Magma            Conj/Fire/Erth 18%        4d10      19%         5
 Dispel Undead            Necr           11%        3d9       24%         4
 Leda's Liquefaction      Hex/Erth       5%         N/A       24%         4
 Passage of Golubria      Tloc           N/A        N/A       24%         4
 Yara's Violent Unravell  Hex/Tmut       9%         3d6       28%         5
 Monstrous Menagerie      Summ           25%        N/A       43%         7
 Agony                    Necr           11%        N/A       52%         5
 Lee's Rapid Deconstruct  Erth           5%         3d7*      52%         5
 Death Channel            Necr           5%         N/A       97%         6
 Borgnjor's Revivificati  Necr           5%         N/A       100%        8
 Lehudib's Crystal Spear  Conj/Erth      16%        10d5      100%        8
 Necromutation            Tmut/Necr      9%         N/A       100%        8
 Chain Lightning          Conj/Air       36%        3d48      100%        9
 Death's Door             Necr           5%         N/A       100%        9


Dungeon Overview and Level Annotations

Branches:
Dungeon (13/15)            Temple (1/1) D:7            Lair (6/6) D:11
  Swamp (0/4) Lair:2        Snake (2/4) Lair:4        Slime (0/5) Lair:5
    Orc (0/2) D:11         Vaults (0/5) D:13

Altars:
Ashenzari
Cheibriados
Dithmenos
Elyvilon
Fedhas
Gozag
Hepliaklqana
Kikubaaqudgha
Makhleb
Nemelex Xobeh
Okawaru
Qazlal
Ru
Sif Muna
Trog
Uskayaw
Vehumet
Wu Jian
Xom
Yredelemnul
Zin
The Shining One

Shops:
D:6 *   D:8 [   D:12 (   D:13 *

Annotations:
D:7 3 runed translucent doors, ClownBaby's ghost, novice OgHu
D:10 2 transporters, muata's ghost, journeyman MiBe
D:13 8 runed translucent doors, timneilson's ghost, journeyman GrFi
Lair:5 3 runed translucent doors, Devyomi's ghost, journeyman GrBe; avis's ghost, journeyman BaIE
Snake:3 Vashnia


Innate Abilities, Weirdness & Mutations

You have a beak for a mouth.
You have claws for feet.
Your magical nature lets you fly swiftly and evasively.


Message History

The anaconda bites you but does no damage.
The anaconda constricts you.
* * * LOW HITPOINT WARNING * * *
The anaconda barely misses you. The anaconda constricts you.
* * * LOW HITPOINT WARNING * * *
Unknown command.
You feel better. The anaconda barely misses you. The anaconda constricts you.
* * * LOW HITPOINT WARNING * * *
Unknown command.
As you read the scroll of teleportation, it crumbles to dust.
You feel strangely unstable. You block the anaconda's attack.
The anaconda constricts you.
* * * LOW HITPOINT WARNING * * *
The anaconda bites you but does no damage.
The anaconda constricts you.
* * * LOW HITPOINT WARNING * * *
Unknown command.
You feel much better. The anaconda bites you! The anaconda constricts you.
The anaconda barely misses you. The anaconda constricts you.
Unknown command.
You feel yourself speed up. You block the anaconda's attack.
The anaconda constricts you.
The anaconda bites you but does no damage.
The anaconda constricts you.
Unknown command.
You escape the anaconda's grasp.
Casting: Lightning Bolt (dangerous; 1% risk of failure)
Confirm with . or Enter, or press ? or * to list all spells.
An electric hum fills the air.
Your surroundings suddenly seem different.
An anaconda, a naga, a salamander and a shock serpent come into view.
The salamander is wielding a +1 trident of venom.
Found 11 poisoned darts.
The naga shouts!
The anaconda hisses angrily.
The shock serpent hisses angrily.
The shock serpent shoots out a bolt of lightning at you!
The bolt of electricity hits you!!
* * * LOW HITPOINT WARNING * * *
The shock serpent shoots out a bolt of lightning at you!
The bolt of electricity hits you!!
You die...

****,, **** **,
*#,,** **,
##(,,,**********,,
#..**,,,*,,,,,,,,,
#.#****,,******,,*
#.# **** **** #.#
#@# * #.## ******
#S.#*********,**,*
#...#*,,,,,,,,,,,*
##.....,,,,,,,,,,,
*#......,,,,,,,,,
*N#.S..,,,,,,,,,
*N...##,,,,**,,,
*.....#***,**,**


You could see a salamander, an anaconda, a shock serpent and a naga.

Vanquished Creatures
  Kirke (D:12)
  An ettin (D:13)
  Harold (D:9)
  2 boulder beetles
  5 hydras
  An anaconda (Snake:1)
  6 two-headed ogres
  4 naga sharpshooters
  A shock serpent (Snake:3)
  Nergalle (D:11)
  A deep troll (D:13)
  A salamander mystic (Snake:3)
  2 lindwurms
  Pikel (D:6)
  A deep elf pyromancer (D:13)
  5 mana vipers
  3 salamanders
  Maurice (D:8)
  3 elephants (Lair:6)
  15 black mambas
  A naga mage (Snake:1)
  A centaur zombie (D:10)
  Maggie (D:8)
  9 cane toads
  A torpor snail (Lair:5)
  An unseen horror (D:13)
  2 kobold demonologists (D:10)
  Psyche (D:8)
  7 komodo dragons
  2 rime drakes
  2 polar bears (Lair:6)
  2 trolls
  A hornet (Lair:6)
  3 blink frogs (Lair:1)
  3 dream sheep (Lair:6)
  8 spriggans (Lair:6)
  A shadow (D:11)
  5 wyverns
  53 yaks
  A wraith (D:12)
  2 basilisks
  A hog (D:12)
  A steam dragon (D:11)
  14 vampire mosquitoes
  7 nagas
  An acid dragon (D:13)
  14 water moccasins
  Duvessa (D:6)
  3 orc warriors
  2 sky beasts (D:7)
  3 ice beasts
  3 black bears (Lair:6)
  4 boggarts (Lair:6)
  An ogre (D:4)
  31 wolves
  A necrophage (D:6)
  7 centaurs
  A lemure (D:6)
  6 kobold brigands
  8 bullfrogs
  7 gnoll sergeants
  4 scorpions
  Dowan (D:6)
  10 wights
  11 killer bees
  10 howler monkeys
  An electric eel (Lair:2)
  3 jellies
  8 hounds
  8 orc priests
  2 bullfrog skeletons
  3 gnoll shamans (D:7)
  A centaur skeleton (D:3)
  5 iguanas
  10 orc wizards
  Natasha (thrice) (D:4)
  7 hell rats
  3 killer bee zombies
  3 howler monkey zombies
  28 gnolls
  2 howler monkey skeletons
  7 adders
  2 white imps (D:7)
  An ufetubus (D:6)
  A worm (D:4)
  2 dart slugs
  29 orcs
  12 endoplasms
  3 giant cockroaches
  8 goblins
  6 hobgoblins
  4 jackals
  16 kobolds
  5 quokkas
  14 ball pythons
  4 bats
  3 frilled lizards
  3 rats
522 creatures vanquished.

Vanquished Creatures (collateral kills)
  Aizul (Snake:1)
  4 hydras
  A naga warrior (Snake:3)
  3 anacondas (Snake:3)
  2 two-headed ogres (D:13)
  3 spriggans (Lair:6)
  2 naga ritualists
  3 mana vipers
  A salamander (Snake:1)
  An elephant (Lair:3)
  5 black mambas
  A torpor snail (Lair:6)
  A cane toad (Lair:5)
  2 naga magi (Snake:3)
  3 komodo dragons
  A rime drake (Lair:3)
  A jumping spider (shapeshifter) (D:13)
  A troll (D:13)
  A polar bear (Lair:6)
  A hornet (Lair:6)
  2 blink frogs (Lair:1)
  A dream sheep (Lair:6)
  4 yaks
  2 hogs (D:12)
  5 vampire mosquitoes
  4 nagas
  A water moccasin (Lair:1)
  2 black bears (Lair:6)
  A boggart (Lair:6)
  23 wolves
  2 centaurs (D:12)
  A bullfrog (Lair:3)
  A hound (D:6)
  An orc wizard (D:6)
  4 hell rats
  2 gnolls
  An orc (Temple)
  2 kobolds (D:7)
97 creatures vanquished.

Vanquished Creatures (others)
  A human (D:12)
  24 fungi
  42 plants
67 creatures vanquished.

Grand Total: 686 creatures vanquished

Notes
Turn   | Place    | Note
-------+----------+-------------------------------------------
     0 | D:1      | quinnr the Tengu Air Elementalist began the quest for the
                  | Orb.
     0 | D:1      | Reached XP level 1. HP: 10/10 MP: 4/4
   391 | D:1      | Reached XP level 2. HP: 15/15 MP: 0/6
   528 | D:1      | Reached skill level 5 in Air Magic
   852 | D:1      | Reached XP level 3. HP: 11/19 MP: 0/7
  1672 | D:2      | Reached skill level 1 in Fighting
  1810 | D:2      | Reached skill level 1 in Shields
  1816 | D:2      | Reached XP level 4. HP: 25/25 MP: 0/8
  2141 | D:2      | Found a faded altar of an unknown god.
  2941 | D:3      | Reached skill level 6 in Air Magic
  2941 | D:3      | Gained mutation: Your magical nature lets you fly swiftly
                  | and evasively. [Tengu growth]
  2941 | D:3      | Reached XP level 5. HP: 29/29 MP: 9/9
  3112 | D:3      | Found a shimmering blue altar of Sif Muna.
  3611 | D:3      | Learned a level 4 spell: Airstrike
  3811 | D:3      | Became a worshipper of Sif Muna the Loreminder
  4118 | D:4      | Reached XP level 6. HP: 34/34 MP: 10/10
  4259 | D:4      | Reached skill level 7 in Air Magic
  5246 | D:4      | Noticed Natasha
  5247 | D:4      | Reached skill level 8 in Air Magic
  5247 | D:4      | Reached XP level 7. HP: 38/38 MP: 10/11
  5247 | D:4      | Killed Natasha
  5335 | D:4      | Noticed Natasha
  5338 | D:4      | Killed Natasha
  5439 | D:4      | Noticed Natasha
  5445 | D:4      | Killed Natasha
  5537 | D:5      | Entered Level 5 of the Dungeon
  5588 | D:5      | Reached skill level 9 in Air Magic
  5640 | D:5      | Learned a level 3 spell: Swiftness
  5777 | D:5      | Reached * piety under Sif Muna
  5778 | D:5      | Reached skill level 10 in Air Magic
  5883 | D:5      | Reached XP level 8. HP: 43/43 MP: 12/12
  6217 | D:5      | Reached skill level 11 in Air Magic
  6464 | D:5      | Learned a level 3 spell: Call Canine Familiar
  6752 | D:6      | Reached skill level 1 in Summonings
  7410 | D:6      | Noticed Duvessa
  7428 | D:6      | Killed Duvessa
  7545 | D:6      | Noticed Dowan
  7549 | D:6      | Killed Dowan
  7550 | D:6      | Reached XP level 9. HP: 49/49 MP: 9/14
  7735 | D:6      | Found Jutioru's Neck Hole.
  7741 | D:6      | Bought a +2 cloak of willpower for 258 gold pieces
  7975 | D:6      | Found a glowing golden altar of the Shining One.
  7979 | D:6      | Found a glowing silver altar of Zin.
  7982 | D:6      | Found a blossoming altar of Fedhas.
  8108 | D:6      | Reached ** piety under Sif Muna
  8270 | D:6      | Noticed Pikel
  8324 | D:6      | Killed Pikel
  8325 | D:6      | Reached skill level 12 in Air Magic
  8646 | D:6      | Found a radiant altar of Vehumet.
  8734 | D:7      | Found a staircase to the Ecumenical Temple.
  8780 | D:7      | Reached skill level 1 in Short Blades
  8956 | Temple   | Entered the Ecumenical Temple
  8981 | Temple   | Reached skill level 5 in Fighting
  9846 | D:7      | Found a hide-covered altar of Uskayaw.
  9851 | D:7      | Reached skill level 13 in Air Magic
  9851 | D:7      | Reached XP level 10. HP: 60/60 MP: 8/15
 10272 | D:7      | Reached *** piety under Sif Muna
 10452 | D:7      | Found a runed translucent gate.
 10453 | D:7      | Found a runed translucent gate.
 10455 | D:7      | Found a runed translucent gate.
 10462 | D:7      | Noticed ClownBaby's ghost (novice OgHu)
 10468 | D:7      | Found a sacrificial altar of Ru.
 11105 | D:8      | Noticed Maurice
 11110 | D:8      | Killed Maurice
 11110 | D:8      | Noticed Maggie
 11238 | D:8      | Killed Maggie
 11679 | D:8      | Reached skill level 14 in Air Magic
 11740 | D:8      | Found Jiecywk's Antique Armour Shop.
 11768 | D:8      | Noticed Psyche
 11771 | D:8      | Killed Psyche
 12581 | D:8      | Found a hazy altar of Hepliaklqana.
 13289 | D:8      | Reached skill level 5 in Dodging
 13892 | D:8      | Reached XP level 11. HP: 67/67 MP: 14/16
 13896 | D:8      | Reached **** piety under Sif Muna
 14230 | D:8      | Reached skill level 15 in Air Magic
 14271 | D:6      | Bought an amulet of magic regeneration for 360 gold pieces
 15284 | D:9      | Reached skill level 5 in Conjurations
 15409 | D:9      | Reached skill level 5 in Spellcasting
 15534 | D:9      | Noticed a two-headed ogre
 15541 | D:9      | Killed a two-headed ogre
 15756 | D:10     | Entered Level 10 of the Dungeon
 15785 | D:10     | Noticed a two-headed ogre
 15791 | D:10     | Killed a two-headed ogre
 15792 | D:10     | Reached skill level 1 in Evocations
 15981 | D:10     | Noticed Harold
 16039 | D:9      | Killed Harold
 16201 | D:10     | Reached XP level 12. HP: 72/72 MP: 15/22
 16679 | D:10     | Reached ***** piety under Sif Muna
 16823 | D:10     | Found a transporter.
 16825 | D:10     | Found a transporter.
 16827 | D:10     | Noticed muata's ghost (journeyman MiBe)
 17457 | D:11     | Noticed a two-headed ogre
 17467 | D:11     | Killed a two-headed ogre
 17468 | D:11     | Reached skill level 1 in Invocations
 17480 | D:10     | Learned a level 2 spell: Poisonous Vapours
 17483 | D:10     | Learned a level 2 spell: Static Discharge
 17488 | D:10     | Learned a level 4 spell: Olgreb's Toxic Radiance
 17811 | D:11     | Received a gift from Sif Muna
 17818 | D:11     | Got Sif Muna's Handbook of Supportive Battle Magic {god
                  | gift}
 17861 | D:11     | Learned a level 5 spell: Lightning Bolt
 18124 | D:11     | Reached skill level 5 in Summonings
 18150 | D:11     | Found an ornate altar of the Wu Jian Council.
 18246 | D:11     | Noticed a two-headed ogre
 18252 | D:11     | Killed a two-headed ogre
 18253 | D:11     | Reached skill level 1 in Poison Magic
 18593 | D:11     | Found a staircase to the Lair.
 18678 | D:11     | Found a staircase to the Orcish Mines.
 18888 | D:12     | Found Ocuaze's Weapon Shoppe.
 19304 | D:12     | Noticed an eight-headed hydra
 19310 | D:12     | Killed an eight-headed hydra
 19311 | D:12     | Reached skill level 5 in Evocations
 20134 | D:12     | Noticed Kirke
 20277 | D:12     | Killed Kirke
 20358 | D:12     | Noticed a two-headed ogre
 20372 | D:12     | Killed a two-headed ogre
 20420 | D:12     | Reached XP level 13. HP: 76/76 MP: 22/25
 20454 | D:12     | Noticed Nergalle
 20891 | D:11     | Killed Nergalle
 21766 | D:13     | Found the +9 staff of Olgreb {rPois∞}
 21769 | D:13     | Found a runed translucent door.
 21777 | D:13     | Found a runed translucent gate.
 21777 | D:13     | Found a runed translucent gate.
 21899 | D:13     | Noticed an ettin
 22082 | D:13     | Killed an ettin
 22255 | D:13     | Noticed an emperor scorpion
 22255 | D:13     | Noticed an emperor scorpion
 22256 | D:13     | Found a runed translucent gate.
 22289 | D:13     | Learned a level 4 spell: Summon Lightning Spire
 22558 | D:13     | Reached skill level 5 in Poison Magic
 22709 | D:13     | Found a gate to the Vaults.
 22772 | D:13     | Found a runed translucent gate.
 22772 | D:13     | Found a runed translucent gate.
 22772 | D:13     | Found a runed translucent gate.
 22774 | D:13     | Found an opulent altar of Gozag.
 22776 | D:13     | Found Laykkur's Assorted Antiques.
 22776 | D:13     | Noticed timneilson's ghost (journeyman GrFi)
 23002 | D:13     | Found a runed translucent door.
 23114 | Lair:1   | Entered Level 1 of the Lair of Beasts
 23124 | Lair:1   | Reached skill level 5 in Invocations
 24030 | Lair:1   | Identified the +0 robe of Precision Catastrophes {SInv}
 24207 | Lair:1   | Received a gift from Sif Muna
 24700 | Lair:2   | Found a staircase to the Swamp.
 24776 | Lair:2   | Learned a level 3 spell: Mephitic Cloud
 26245 | Lair:3   | Reached XP level 14. HP: 80/82 MP: 3/28
 26440 | Lair:3   | Received a gift from Sif Muna
 26441 | Lair:3   | Got Sif Muna's Collected Works on the Excruciating
                  | Snowflakes {god gift}
 27025 | Lair:4   | Learned a level 3 spell: Ignite Poison
 27287 | Lair:4   | Found a staircase to the Snake Pit.
 27475 | Lair:4   | Reached skill level 1 in Fire Magic
 27654 | Lair:4   | Reached skill level 1 in Transmutations
 28050 | Lair:5   | HP: 8/82 [komodo dragon (23)]
 28726 | Lair:5   | Found a runed translucent gate.
 28728 | Lair:5   | Found a runed translucent gate.
 28729 | Lair:5   | Found a runed translucent gate.
 28730 | Lair:5   | Noticed avis's ghost (journeyman BaIE)
 28730 | Lair:5   | Noticed Devyomi's ghost (journeyman GrBe)
 28802 | Lair:5   | Found a staircase to the Slime Pits.
 29087 | Lair:6   | Entered Level 6 of the Lair of Beasts
 29194 | Lair:6   | Reached skill level 10 in Spellcasting
 30368 | Lair:6   | Reached skill level 1 in Armour
 30461 | Lair:6   | Received a gift from Sif Muna
 31389 | Lair:6   | Reached skill level 5 in Stealth
 31392 | Lair:6   | Reached skill level 5 in Shields
 31472 | Lair:6   | Identified the +5 chain mail "Byhavuwe" {Int-2 Dex+5}
 31695 | Lair:6   | Identified a scroll of acquirement
 31696 | Lair:6   | Acquired a +0 hat of see invisible
 31779 | Snake:1  | Entered Level 1 of the Snake Pit
 32071 | Snake:1  | Reached XP level 15. HP: 86/86 MP: 4/30
 32357 | Snake:1  | You are sucked into a shaft and drop 1 floor!
 32381 | Snake:2  | HP: 7/86 [naga sharpshooter/arrow (16)]
 32743 | Snake:1  | Noticed Aizul
 32757 | Snake:1  | Killed Aizul
 32758 | Snake:1  | Reached skill level 16 in Air Magic
 33907 | Snake:2  | You are sucked into a shaft and drop 1 floor!
 33930 | Snake:3  | Noticed Vashnia
 34034 | Snake:3  | Received a gift from Sif Muna
 34035 | Snake:3  | Got Sif Muna's Collected Works on the Toxic Mountains {god
                  | gift}
 34322 | Snake:3  | Reached skill level 10 in Dodging
 34753 | Snake:3  | HP: 5/86 [shock serpent/bolt of electricity (24)]
 34754 | Snake:3  | Killed from afar by a shock serpent

Illustrated notes

Levels and vault maps discovered:
D:1:      amcnicky_arrival_choice, layout_rooms
D:2:      layout_loops_ring, dreamdust_ecumenical_altar_hidden_monk_grotto,
          minivault_5, minmay_pentomino_pile
D:3:      layout_loops_ring, mainiacjoe_overflow_catwalk, minmay_pentangle
D:4:      layout_rooms, cheibrodos_gnoll_hut, uniq_natasha
D:5:      layout_basic, minivault_26
D:6:      layout_loops_ring, nicolae_vehumet_radiance,
          grunt_temple_overflow_diamond, grunt_decor_resistance,
          nicolae_shop_sticking_my_neck_out, uniq_duvessa, uniq_pikel
D:7:      layout_cave_pools, nicolae_ru_great_annihilating_truth,
          nicolae_uskayaw_dance_studio, minmay_temple_entry_waves,
          gammafunk_ghost_split, serial_gnoll_camp, gnoll_camp_mini_house,
          gnoll_camp_mini_basic, gnoll_camp_mini_hut, gnoll_camp_huts_basic
D:8:      layout_gridville, worldfamousw_hep_ancestral_shrine, serial_shops,
          nicolae_shop_trees, kennysheep_kite_vault, uniq_maurice, uniq_maggie,
          uniq_psyche
D:9:      layout_rooms, dk_noncrumbling_4
D:10:     layout_loops_ring, gammafunk_ghost_mausoleum, uniq_harold
D:11:     layout_long_grid, erik_lair_dragon, nicolae_wu_jian_wuxing_cycle
D:12:     layout_layer_cave, serial_shops, shop, uniq_kirke, uniq_nergalle
D:13:     layout_irregular_city, david_vaults_4, ebering_ghost_gozag,
          minmay_guarded_unrand_staff_of_olgreb
Temple:   nicolae_temple_great_sept
Lair:1:   layout_chaotic_city, lemuel_fruit_tree, serial_bayou_shore_a
Lair:2:   layout_regular_city, swamp_mist_pool
Lair:3:   layout_gridlike, grunt_forest_large_clearings, grunt_megastairs_3
Lair:4:   layout_gridlike, minmay_snake_entry_guardpost_medium
Lair:5:   layout_concentric_octagons, nicolae_slime_entry_slimehenge,
          gammafunk_ghost_cemetery, nzn_sisyphean_effort
Lair:6:   minmay_lair_end_enchanted_forest, layout_regular_city
Snake:1:  layout_chambers, special_room, uniq_aizul
Snake:2:  layout_layer_cave, st_stairs_7, nicolae_snake_coiling_death
Snake:3:  nicolae_snake_crotalidae_crossing, layout_layer_cave, uniq_vashnia

Skill      XL: |  1  2  3  4  5  6  7  8  9 10 11 12 13 14 15 |
---------------+----------------------------------------------+-----
Air Magic      | 5 6 8 10 11 13 14 15 16 | 16.1
Fighting       | 1 2 5 7 |  7.1
Shields        | 1 2 4 5 |  5.0
Summonings     | 3 4 6 9 |  9.0
Spellcasting   | 3 6 7 9 10 | 10.0
Stealth        | 3 4 5 7 |  7.1
Short Blades   | 3 |  3.0
Dodging        | 5 8 9 10 | 10.8
Conjurations   | 2 5 |  5.0
Evocations     | 2 5 6 |  6.0
Invocations    | 3 6 |  6.0
Poison Magic   | 3 6 8 |  8.0
Fire Magic     | 4 |  4.0
Transmutations | 4 |  4.0
Armour         | 2 |  2.0

Action                   |  1- 3 |  4- 6 |  7- 9 | 10-12 | 13-15 || total
-------------------------+-------+-------+-------+-------+-------++-------
Melee: Unarmed           |     4 |     5 |     3 |       |       ||    12
       Kick              |     2 |     4 |     3 |    21 |    14 ||    44
       Peck              |       |     1 |     1 |    10 |    11 ||    23
       Dagger            |       |       |     4 |    74 |     5 ||    83
       Staff             |       |       |       |       |    61 ||    61
 Cast: Shock             |    74 |   140 |   111 |   212 |   324 ||   861
       Airstrike         |       |    10 |    81 |   305 |   280 ||   676
       Call Canine Famil |       |       |    14 |    30 |    15 ||    59
       Swiftness         |       |       |     1 |       |       ||     1
       Olgreb's Toxic Ra |       |       |       |       |    58 ||    58
       Summon Lightning  |       |       |       |       |    71 ||    71
       Lightning Bolt    |       |       |       |       |    31 ||    31
       Poisonous Vapours |       |       |       |       |     4 ||     4
       Ignite Poison     |       |       |       |       |    36 ||    36
       Mephitic Cloud    |       |       |       |       |     5 ||     5
Evoke: Wand              |       |       |     1 |     1 |     4 ||     6
  Use: Scroll            |     3 |     3 |     3 |    13 |    18 ||    40
       Potion            |       |       |     1 |     2 |    10 ||    13
 Stab: Distracted        |       |       |       |       |     1 ||     1
Armor: Robe              |     4 |    19 |    17 |    49 |    67 ||   156
       Skin              |       |       |       |       |     8 ||     8
Dodge: Dodged            |    12 |    30 |    35 |   248 |   280 ||   605
Block: Buckler           |     2 |    13 |     7 |    63 |   102 ||   187

Table legend: (Time is in decaauts)
 A = Elapsed time spent in this place.
 B = Non-inter-level travel time spent in this place.
 C = Inter-level travel time spent in this place.
 D = Time resting spent in this place.
 E = Time spent auto-exploring this place.
 F = Levels seen in this place.
 G = Mean time per level.
                   A        B        C        D        E       F      G
               +--------+--------+--------+--------+--------+-----+--------+
         Total |  33413 |  32194 |   1219 |   7079 |  20537 |  23 | 1452.7 |
       Dungeon |  22383 |  21539 |    844 |   5410 |  13192 |  13 | 1721.8 |
        Temple |    280 |    269 |     11 |    109 |    128 |   1 |  280.0 |
          Lair |   7901 |   7608 |    293 |    807 |   5611 |   6 | 1316.8 |
     Snake Pit |   2847 |   2778 |     69 |    752 |   1606 |   3 |  949.0 |
               +--------+--------+--------+--------+--------+-----+--------+

Top non-repeatable levels by time:
     D:7: 3082 daAuts
     D:8: 2723 daAuts
    D:12: 2479 daAuts
  Lair:6: 2078 daAuts
     D:6: 1884 daAuts
    D:11: 1881 daAuts
 Snake:1: 1839 daAuts
     D:3: 1811 daAuts
  Lair:5: 1645 daAuts
     D:9: 1556 daAuts
  Lair:3: 1506 daAuts
     D:2: 1321 daAuts
     D:1: 1223 daAuts
     D:5: 1154 daAuts
    D:13: 1126 daAuts
